 Dungeon Crawl Stone Soup version 0.29.1-14-g9c671dbff4 (webtiles) character file.

Game seed: 6501013349753119164

71 protoss039 the Digger (level 4, -1/33 HPs)
             Began as a Demonspawn Earth Elementalist on Feb 17, 2023.
             Frozen to death by an endoplasm (4 damage)
             ... on level 3 of the Dungeon.
             The game lasted 00:04:32 (1998 turns).

protoss039 the Digger (DsEE)                        Turns: 1998, Time: 00:04:32

Health: -1/33      AC:  5    Str:  9    XL:     4   Next: 5%
Magic:  5/8        EV: 12    Int: 18    God:
Gold:   25         SH:  0    Dex: 13    Spells: 5/8 levels left

rFire   + . .      SeeInvis .   c - staff of fire
rCold   . . .      Faith    .   (no shield)
rNeg    . . .      Spirit   .   a - +0 robe
rPois   .          Reflect  .   (no helmet)
rElec   .          Harm     .   (no cloak)
rCorr   .          Rampage  .   g - +0 pair of gloves
Will    .....                   (no boots)
Stlth   ++........              (no amulet)
HPRegen 0.11/turn               (no ring)
MPRegen 0.11/turn               (no ring)

@: weak-willed
A: icy blue scales 1
a: no special abilities


You were on level 3 of the Dungeon.
You visited 1 branch of the dungeon, and saw 4 of its levels.

You collected 60 gold pieces.
You spent 35 gold pieces at shops.

Inventory:

Armour
 a - a +0 robe (worn)
 g - a +0 pair of gloves (worn)
Magical Staves
 c - a staff of fire (weapon)
Scrolls
 k - a scroll of identify
Potions
 b - a potion of magic
 f - a potion of brilliance
 i - a potion of curing {unknown}
 j - a potion of cancellation


   Skills:
 + Level 2.0 Fighting
 - Level 1.7 Dodging
 - Level 1.7 Stealth
 + Level 2.8 Spellcasting
 - Level 0.8 Transmutations
 + Level 3.4 Earth Magic


You had 5 spell levels left.
You knew the following spells:

 Your Spells              Type           Power      Damage    Failure   Level
a - Sandblast             Erth           28%        2d8       4%          1
b - Passwall              Tmut/Erth      8%         N/A       11%         2

Your spell library contained the following spells:

 Spells                   Type           Power      Damage    Failure   Level
 Stone Arrow              Conj/Erth      16%        3d8       26%         3
 Petrify                  Tmut/Erth      10%        N/A       56%         4


Dungeon Overview and Level Annotations

Branches:
Dungeon (4/15) Zot: 21951
 Temple: D:4-7

Altars:
Hepliaklqana

Shops:
D:2 ?!


Innate Abilities, Weirdness & Mutations

You are partially covered in icy blue scales. (AC +2)


Message History

Found a stone staircase leading up.
You feel sick.
Unknown command.
A howler monkey comes into view.
You feel sick.
You feel sick.
You feel sick.
The endoplasm quivers.
You feel sick.
You feel sick. The endoplasm closely misses you.
The howler monkey attacks as you move away!
The howler monkey closely misses you.
You feel sick.
You are no longer poisoned.
The endoplasm freezes you.
You are frozen.
There is a stone staircase leading up here.
Unknown command.
Unknown command.
The howler monkey barely misses you. The endoplasm barely misses you.
You climb upwards.
Found a blackened bronze wand.
There is a stone staircase leading down here.
Unknown command.
Okay, then.
Okay, then.
Casting: Sandblast (safe; 4% risk of failure)
Confirm with . or Enter, or press ? or * to list all spells.
Aiming: Sandblast (safe; 4% risk of failure)
Press: ? - help, Shift-Dir - straight line, f - howler monkey
Aim: a howler monkey (80% to hit)
The blast of sand hits the howler monkey!
The howler monkey is heavily wounded.
The howler monkey hits you!
* * * LOW HITPOINT WARNING * * *
The endoplasm freezes you.
You are frozen.
* * * LOW HITPOINT WARNING * * *
The howler monkey hoots and howls with incredible vigour!
The endoplasm freezes you.
You are frozen.
You die...

8# ... ..# ...
# #/## ... ...
###..
.....#.##......
#...h@J......
.....#.##......
.## #. #.#.. ..
.l .## . #. #


You could see a howler monkey, an endoplasm and a frilled lizard (asleep).

Vanquished Creatures
  An adder (D:2)
  A worm (D:2)
  4 dart slugs
  An orc (D:2)
  8 endoplasms
  3 goblins
  2 hobgoblins
  3 quokkas
  5 ball pythons
  3 bats (D:1)
  5 frilled lizards
  4 kobolds
  11 rats
51 creatures vanquished.

Notes
Turn   | Place    | Note
-------+----------+-------------------------------------------
     0 | D:1      | protoss039 the Demonspawn Earth Elementalist began the
                  | quest for the Orb.
     0 | D:1      | Reached XP level 1. HP: 13/13 MP: 3/3
   144 | D:1      | Gained mutation: You are partially covered in icy blue
                  | scales. (AC +2) [demonic ancestry]
   144 | D:1      | Reached XP level 2. HP: 10/20 MP: 3/5
   372 | D:1      | Reached skill level 1 in Fighting
   372 | D:1      | Reached skill level 3 in Earth Magic
   728 | D:1      | Reached XP level 3. HP: 26/26 MP: 3/6
  1234 | D:1      | Learned a level 2 spell: Passwall
  1467 | D:2      | Found Ramec's Magic Scroll Shop.
  1473 | D:2      | Bought a scroll of identify for 24 gold pieces
  1756 | D:2      | Found Focvocsi's Distillery.
  1767 | D:2      | Bought a potion of degeneration for 11 gold pieces
  1808 | D:2      | Reached XP level 4. HP: 33/33 MP: 6/8
  1917 | D:2      | You fall into a shaft and drop 2 floors!
  1953 | D:4      | Found a hazy altar of Hepliaklqana.
  1969 | D:4      | Noticed a kobold brigand
  1998 | D:3      | Frozen to death by an endoplasm

Illustrated notes

Levels and vault maps discovered:
D:1:      reono_arrival_forest_river, layout_basic, kennysheep_pointless_box
D:2:      layout_basic, serial_shops, shop, shop, shop,
          minmay_misc_feat_pillars, feat_on_display
D:3:      layout_loops_cross, pf_just_have_faith, serial_shops,
          nicolae_shop_trees, grunt_decor_mini_mirrors, st_stairs_6,
          nicolae_concentric_dashed_squares_wild
D:4:      layout_loops_ring, mainiacjoe_overflow_tiny_flanked,
          nicolae_gozag_cash_rules_everything_around_me, uniq_blork_the_orc

Skill      XL: |  1  2  3  4 |
---------------+-------------+-----
Fighting       | 1 2 |  2.0
Earth Magic    | 3 |  3.4
Dodging        | |  1.7
Stealth        | |  1.7
Spellcasting   | |  2.8
Transmutations | |  0.8

Action                   |  1- 3 |  4- 6 || total
-------------------------+-------+-------++-------
Melee: Staff             |    37 |       ||    37
       Unarmed           |    15 |       ||    15
       Punch             |     1 |       ||     1
 Cast: Sandblast         |    62 |     7 ||    69
  Use: Scroll            |       |     3 ||     3
       Potion            |       |     3 ||     3
 Stab: Sleeping          |     4 |       ||     4
Armor: Robe              |    28 |     1 ||    29
Dodge: Dodged            |    61 |     7 ||    68
